Map: Rhoskallian LE

Players

Ekelpack

  • Race: Zerg Zerg
  • Spawn Location: 12:00

Nyck

  • Race: Terran Terran
  • Spawn Location: 11:00

LeaveIsThnx - Winner!

  • Race: Zerg Zerg
  • Spawn Location: 5:00

Dan - Winner!

  • Race: Protoss Protoss
  • Spawn Location: 6:00

VOD

Have the link to the VOD?

Description

Time

  • Played on: Jan. 1, 2025, 12:49 p.m.
  • Length: 4:35
Show
View Real Time Build Order
Export as new Build Order

Ekelpack Zerg 

Build Orders: Hatch First 

Get SALT Encoding   

  12  0:00  Drone  
  13  0:13  Overlord  
  13  0:19  Drone  
  14  0:33  Drone  
  15  0:47  Hatchery  
  15  0:48  Drone  
  15  1:05  Spawning Pool  
  15  1:08  Drone  
  15  1:11  Extractor  
  14  1:15  Drone  
  14  1:18  Drone  
  16  1:22  Drone  
  17  1:31  Drone  
  18  1:42  Drone  
  19  1:51  Queen  
  21  1:59  Queen  
  23  2:06  Drone  
  24  2:12  Drone  
  25  2:17  Overlord  
  25  2:22  Drone  
  26  2:28  Drone x2  
  28  2:35  Lair  
  28  2:45  Spine Crawler  
  28  2:46  Drone  
  28  2:48  Drone  
  29  2:53  Extractor  
  29  2:55  Drone x2, Extractor  
  29  3:00  Drone  
  29  3:03  Drone  
  31  3:06  Metabolic Boost  
  31  3:24  Drone x3  
  31  3:25  Overlord x2  
  34  3:29  Drone x2, Extractor  
  34  3:33  Zergling x2  
  36  3:38  Overlord  
  36  3:55  Queen  
Show
View Real Time Build Order
Export as new Build Order

Nyck Terran 

Build Orders:  

Get SALT Encoding   

  12  0:01  SCV  
  13  0:13  SCV  
  14  0:18  Supply Depot  
  14  0:26  SCV  
  15  0:40  SCV  
  15  0:41  Barracks  
  16  0:51  Refinery  
  16  0:52  SCV  
  17  1:06  Barracks  
  17  1:07  SCV  
  18  1:19  SCV  
  19  1:32  Orbital Command  
  19  1:34  Reaper  
  19  1:37  Supply Depot  
  20  1:41  Refinery  
  20  1:53  Barracks Tech Lab  
  20  1:59  Supply Depot  
  21  2:01  SCV  
  21  2:06  Barracks Reactor  
  21  2:13  SCV, Marine  
  23  2:30  Command Center  
  23  2:35  SCV  
  23  2:36  Marine  
  25  2:43  Marine x2  
  27  2:47  SCV  
  28  2:55  Marine  
  29  2:59  SCV  
  29  3:01  Marine  
  31  3:14  SCV  
  31  3:15  Marine  
  31  3:16  Marine  
  34  3:21  Engineering Bay  
  34  3:25  Engineering Bay  
  34  3:26  SCV  
  34  3:39  Marine x3  
  37  3:41  SCV  
  38  3:48  SCV  
  39  3:57  Marine x2  
  39  4:00  SCV, Marine  
  43  4:10  SCV  
Show
View Real Time Build Order
Export as new Build Order

LeaveIsThnx Zerg - Winner!

Build Orders: Pool First 

Get SALT Encoding   

  12  0:00  Drone  
  13  0:09  Drone  
  14  0:24  Overlord  
  14  0:34  Spawning Pool  
  13  0:36  Extractor  
  13  0:40  Drone  
  13  0:47  Drone  
  13  0:49  Drone  
  15  0:54  Drone  
  16  1:02  Drone  
  17  1:13  Drone  
  18  1:24  Queen  
  20  1:29  Zergling x2  
  21  1:36  Metabolic Boost  
  21  1:38  Drone  
  22  2:03  Overlord  
  22  2:07  Hatchery  
  21  2:15  Zergling x2  
  22  2:16  Overlord  
  22  2:23  Drone  
  23  2:32  Zergling x2  
  23  2:33  Zergling x6  
  27  2:40  Zergling x2  
  28  2:51  Zergling x2  
  29  3:05  Zergling x2  
  30  3:13  Zergling x2  
  30  3:14  Zergling x2  
  30  3:15  Zergling x4  
  30  3:19  Overlord  
  34  3:21  Queen  
  34  3:25  Zergling x2  
  37  3:31  Zergling x2  
  38  3:37  Zergling x2  
  39  3:52  Zergling x2  
  39  3:53  Zergling x8  
  42  3:57  Zergling x2  
  43  4:02  Zergling x2  
  43  4:08  Drone  
Show
View Real Time Build Order
Export as new Build Order

Dan Protoss - Winner!

Build Orders:  

Get SALT Encoding   

  1  0:00  Probe  
  12  0:05  Probe  
  14  0:15  Probe  
  15  0:24  Pylon  
  15  0:36  Assimilator  
  15  0:40  Assimilator  
  15  0:42  Probe  
  16  0:50  Gateway  
  16  0:55  Probe  
  17  1:03  Probe  
  18  1:13  Probe  
  19  1:25  Probe  
  20  1:38  Cybernetics Core  
  20  1:41  Probe  
  21  1:48  Pylon  
  21  1:54  Probe  
  22  2:06  Probe  
  23  2:17  Stargate  
  23  2:18  Stargate  
  23  2:23  Stargate  
  23  2:25  Shield Battery  
  23  2:29  Pylon  
  23  3:01  Void Ray  
  23  3:02  Probe  
  23  3:03  Void Ray  
  39  3:44  Void Ray  
  39  3:46  Void Ray  
  39  4:04  Pylon  
Tags
 
Add a new tag
Caveats
  • Supply blocks, unpowered buildings, or Contaminate may cause inaccurate times.
  • Supply counts are checked every 10 seconds.